 Dungeon Crawl Stone Soup version 0.29.0-13-gc9e81de378 (webtiles) character file.

Game seed: 8694283101065693555

11 Ofeo the Firebug (level 2, -1/20 HPs)
             Began as a Meteoran Fire Elementalist on Sept 9, 2022.
             Slain by an iguana (11 damage)
             ... on level 4 of the Dungeon.
             The game lasted 00:01:04 (173 turns).

Ofeo the Firebug (Meteoran Fire Elementalist)        Turns: 173, Time: 00:01:05

Health: -1/20      AC:  2    Str:  9    XL:     2   Next: 52%
Magic:  2/6        EV: 12    Int: 16    God:
Gold:   11         SH:  0    Dex: 14    Spells: 5/6 levels left

rFire   . . .      SeeInvis .   (no weapon)
rCold   . . .      Faith    .   (no shield)
rNeg    . . .      Spirit   .   a - +0 robe
rPois   .          Reflect  .   (no helmet)
rElec   .          Harm     .   (no cloak)
rCorr   .          Rampage  .   (no gloves)
Will    .....                   (no boots)
Stlth   +.........              (no amulet)
HPRegen 0.06/turn               (no ring)
MPRegen 0.10/turn               (no ring)

@: very slightly contaminated, glowing
A: sense surroundings 1, otherworldly, glowing, explore regen
a: no special abilities


You were on level 4 of the Dungeon.
You visited 1 branch of the dungeon, and saw 4 of its levels.

You collected 11 gold pieces.

Inventory:

Armour
 a - a +0 robe (worn)
Scrolls
 c - a scroll of butterflies {unknown}
 f - a scroll of immolation {unknown}
 g - a scroll of enchant armour {unknown}
 h - a scroll of enchant weapon {unknown}
 j - a scroll of teleportation {unknown}
Potions
 b - a potion of magic
 d - a potion of mutation {unknown}
 e - a potion of might {unknown}
 i - a potion of invisibility {unknown}


   Skills:
 + Level 2.6 Dodging
 + Level 1.6 Stealth
 + Level 2.9 Spellcasting
 + Level 1.6 Conjurations
 + Level 3.8 Fire Magic


You had 5 spell levels left.
You knew the following spells:

 Your Spells              Type           Power      Damage    Failure   Level
a - Foxfire               Conj/Fire      44%        2x1d6     6%          1

Your spell library contained the following spells:

 Spells                   Type           Power      Damage    Failure   Level
 Scorch                   Fire           28%        2d6       6%          2
 Conjure Flame            Conj/Fire      11%        6-21      19%         3
 Inner Flame              Hex/Fire       8%         N/A       26%         3
 Flame Wave               Conj/Fire      11%        2d6       52%         4


Dungeon Overview and Level Annotations

Branches:
Dungeon (4/15) Zot: 2226
 Temple: D:4-7

Altars:

Annotations:
D:3 2 transporters, SnakkuSnakku7's ghost, amateur NaWr


Innate Abilities, Weirdness & Mutations

You passively map a small area around you.
You are easily found by Zot.
You glow in the dark.
You regain HP and MP as you explore.


Message History

Found a stone staircase leading down.
An iguana comes into view.
Found a leather armour and a scroll labelled SICUUR XEAGOD.
The iguana hisses angrily.
You see here a clear potion.
Found a stone staircase leading up.
Casting: Foxfire (safe; 6% risk of failure)
Confirm with . or Enter, or press ? or * to list all spells.
You conjure some foxfire!
You now have 5/6 mp.
Casting: Foxfire (safe; 6% risk of failure)
Confirm with . or Enter, or press ? or * to list all spells.
You conjure some foxfire!
The foxfire hits the iguana but does no damage. x2
You now have 4/6 mp.
The foxfire hits the iguana but does no damage. x2
You see here a clear potion.
Casting: Foxfire (safe; 6% risk of failure)
Confirm with . or Enter, or press ? or * to list all spells.
You don't know that spell.
Casting: Foxfire (safe; 6% risk of failure)
Confirm with . or Enter, or press ? or * to list all spells.
You miscast Foxfire.
You are very lightly contaminated with residual magic.
Nothing appears to happen.
Casting: Foxfire (safe; 6% risk of failure)
Confirm with . or Enter, or press ? or * to list all spells.
You conjure some foxfire!
The iguana bites you!
Ouch! That really hurt!
You take 10 damage, and have 10/20 hp.
MASSIVE DAMAGE!!
You now have 3/6 mp.
Casting: Foxfire (safe; 6% risk of failure)
Confirm with . or Enter, or press ? or * to list all spells.
You conjure some foxfire!
You hear the slow hiss of a distant avalanche of sand.
The foxfire hits the iguana but does no damage. x2
The iguana bites you!
Ouch! That really hurt!
You die...

, * #.# ,,* #.# , *
##.#################
*
*#...................
* *,
#..################.
# #..# ,,#...<#. ,*
#.##..######.#
#.####. ,
#.....v......#* #.#
## * *
#..$.l@......#* #.# ,
#....v.ยง.....# #.#
##.?.........#
,#.#####
...............#
#......
,..............##
####### ,
.>##..........# ##
#..........# * *
*######..[..? , ,
....<.


You could see an iguana (ally target).

Vanquished Creatures
  An endoplasm (D:3)
  A goblin (D:2)
  2 hobgoblins
  3 jackals (D:1)
  A bat (D:2)
  A rat (D:1)
9 creatures vanquished.

Vanquished Creatures (others)
  28 foxfires
28 creatures vanquished.

Grand Total: 37 creatures vanquished

Notes
Turn   | Place    | Note
-------+----------+-------------------------------------------
     0 | D:1      | Ofeo the Meteoran Fire Elementalist began the quest for the
                  | Orb.
     0 | D:1      | Reached XP level 1. HP: 14/14 MP: 5/5
    28 | D:1      | Reached XP level 2. HP: 18/20 MP: 1/6
    84 | D:3      | Found a transporter.
    91 | D:3      | Found a transporter.
    91 | D:3      | Noticed SnakkuSnakku7's ghost (amateur NaWr)
   173 | D:4      | Slain by an iguana

Illustrated notes

Levels and vault maps discovered:
D:1:      doesnt_arrival_eight_statues, layout_rooms,
          ebering_ecumenical_altar_hall
D:2:      layout_basic, minmay_circle_x
D:3:      layout_loops_cross, gammafunk_ghost_arena, uniq_crazy_yiuf_cottage
D:4:      layout_basic, nicolae_ossuary_entry_monument, minmay_misc_feat_rows,
          st_stairs_9, nicolae_specific_store

Action                   || total
-------------------------++-------
Melee: Unarmed           ||     7
 Cast: Foxfire           ||    16
Armor: Robe              ||     3
Dodge: Dodged            ||     9
